AoeStats
← u2roOck

Arena

510838330Analyzed
4v4 RM · 13h ago on Oct 2, 2026· 47m 15s· 8 players
Game mode
Random Map
Map size
Large (8 player)
Population
200
Speed
Normal
Resources
Standard
Victory
Conquest
Starting age
Dark Age
Ending age
Imperial Age
RankedLock teamsTeams togetherTeam positionsShared explorationLock speedFull tech treeHidden civsTurbo modeCheats
Victory
Defeat
🇸🇪 Italians · Sweden
1209
+13
🇺🇸 Britons · United States
1201
+13
🇪🇸 Huns · Spain
1152
+15
🇨🇴 Cumans · Colombia
1114
+18
🇲🇽 Bulgarians · Mexico
1161
-16
🇺🇸 Burgundians · United States
1136
-15
🇲🇽 Spanish · Mexico
1135
-14
🇲🇽 Khmer · Mexico
1130
-14
mike
0:57 Loom
12:19 Feudal Age
16:21 Castle Age
14:36 Stone Mining
15:17 Fletching
17:08 Bodkin Arrow
17:02 Double-Bit Axe
29:49 Scale Mail Armor
33:06 Scale Barding Armor
33:46 Wheelbarrow
35:25 Hand Cart
36:37 Gold Mining
38:44 Gold Shaft Mining
39:03 Stone Shaft Mining
42:39 Imperial Age
39:55 Town Watch
40:33 Chain Barding Armor
40:24 Forging
40:33 Chain Mail Armor
43:08 Iron Casting
42:42 Elite Konnik
44:28 Blast Furnace
44:03 Plate Barding Armor
44:10 Stirrups
44:26 Husbandry
44:36 Bloodlines
44:20 Pikeman
u2roOck
10:42 Feudal Age
15:17 Castle Age
16:19 Bloodlines
16:19 Husbandry
16:12 Loom
17:53 Scale Barding Armor
19:02 Double-Bit Axe
19:34 Horse Collar
21:19 Chain Barding Armor
36:18 Tusk Swords
37:51 Pikeman
38:36 Scale Mail Armor
38:46 Forging
43:13 Fortified Wall
DSLG bolbie
10:28 Feudal Age
10:29 Loom
14:37 Castle Age
12:44 Double-Bit Axe
14:08 Horse Collar
19:19 Redemption
23:24 Bloodlines
24:50 Husbandry
24:11 Light Cavalry
32:14 Imperial Age
30:20 Wheelbarrow
29:30 Town Watch
30:45 Inquisition
31:18 Bow Saw
31:57 Padded Archer Armor
33:54 Chemistry
33:31 Conscription
35:36 Supremacy
37:16 Pikeman
37:57 Squires
37:42 Gambesons
37:42 Arson
38:02 Scale Mail Armor
38:13 Forging
Big Oil
7:27 Double-Bit Axe
10:44 Feudal Age
9:16 Horse Collar
12:31 Bow Saw
13:06 Loom
16:59 Castle Age
15:26 Heavy Plow
16:18 Wheelbarrow
19:53 Scale Barding Armor
22:14 Husbandry
23:52 Two-Man Saw
23:02 Gold Mining
24:33 Hand Cart
25:34 Cavalier
29:03 Forging
31:27 Imperial Age
30:19 Gold Shaft Mining
30:43 Chain Barding Armor
30:38 Scale Mail Armor
31:14 Iron Casting
30:53 Stone Mining
31:44 Burgundian Vineyards
31:41 Light Cavalry
31:42 Paladin
33:26 Plate Barding Armor
34:16 Blast Furnace
36:26 Fletching
39:42 Murder Holes
karv.oficial
9:46 Feudal Age
9:44 Loom
11:23 Double-Bit Axe
12:18 Wheelbarrow
14:34 Horse Collar
22:28 Castle Age
22:25 Bloodlines
23:12 Capped Ram
24:55 Forging
24:50 Scale Barding Armor
26:42 Iron Casting
28:59 Hand Cart
36:35 Imperial Age
Lokatrox
10:14 Feudal Age
14:09 Castle Age
12:23 Double-Bit Axe
12:29 Horse Collar
15:02 Bow Saw
15:43 Heavy Plow
20:27 Stone Mining
23:38 Gold Mining
24:26 Wheelbarrow
23:36 Loom
26:33 Gold Shaft Mining
29:36 Imperial Age
27:30 Marauders
28:02 Scale Barding Armor
28:07 Forging
28:29 Hand Cart
28:02 Town Watch
28:38 Husbandry
28:49 Bloodlines
29:41 Chain Barding Armor
30:28 Iron Casting
30:45 Conscription
29:55 Elite Tarkan
32:07 Plate Barding Armor
32:52 Two-Man Saw
33:19 Blast Furnace
33:58 Guilds
34:36 Coinage
39:59 Fletching
40:09 Padded Archer Armor
42:24 Atheism
Halola
6:53 Loom
9:25 Feudal Age
9:55 Double-Bit Axe
10:07 Horse Collar
14:06 Wheelbarrow
17:11 Castle Age
15:17 Gold Mining
15:21 Stone Mining
16:37 Fletching
18:49 Bow Saw
18:53 Heavy Plow
21:04 Gold Mining
24:16 Bodkin Arrow
27:17 Ballistics
27:00 Padded Archer Armor
32:18 Imperial Age
30:54 Fortified Wall
30:55 Masonry
30:27 Treadmill Crane
31:48 Hand Cart
32:23 Leather Archer Armor
34:18 Chemistry
33:24 Bracer
33:49 Town Watch
34:59 Architecture
35:25 Conscription
36:11 Hoardings
36:48 Arrowslits
39:14 Elite Genoese Crossbowman
41:22 Scale Barding Armor
41:48 Ring Archer Armor
41:51 Forging
42:40 Stone Shaft Mining
42:29 Chain Barding Armor
42:48 Silk Road
43:19 Bloodlines
42:29 Light Cavalry
43:11 Husbandry
43:28 Hussar
45:07 Iron Casting
46:21 Pirotechnia
LazyJames
12:11 Feudal Age
15:54 Castle Age
14:20 Double-Bit Axe
14:17 Horse Collar
14:30 Stone Mining
15:01 Fletching
15:59 Padded Archer Armor
17:45 Bow Saw
18:46 Loom
19:51 Bodkin Arrow
19:51 Loom
20:09 Heavy Plow
Connection lost

Rejoining the realm…

Still unreachable

The connection could not be restored.

Session expired

The server has moved on; the page needs a fresh start.